Map: Overgrowth LE (Void)

Players

Bladewise

  • Race: Terran Terran
  • Spawn Location: 7:00

FLORENCIO - Winner!

  • Race: Protoss Protoss
  • League: Diamond
  • Spawn Location: 1:00

VOD

Have the link to the VOD?

Description

Time

  • Played on: Nov. 29, 2016, 10:51 p.m.
  • Length: 16:51
Show
View Real Time Build Order
Export as new Build Order

Bladewise Terran 

Build Orders: MMM Bio 

Get SALT Encoding   

  12  0:00  SCV  
  13  0:13  SCV  
  14  0:17  Supply Depot  
  14  0:25  SCV  
  15  0:39  SCV  
  15  0:41  Barracks  
  16  0:46  Refinery  
  16  0:53  SCV  
  17  1:05  SCV  
  18  1:17  SCV  
  19  1:31  Bunker  
  19  1:32  Marine  
  19  1:39  Orbital Command  
  20  1:43  Supply Depot  
  20  2:02  Barracks Reactor  
  20  2:09  SCV  
  21  2:25  Command Center  
  21  2:27  SCV  
  22  2:34  Factory  
  22  2:39  SCV  
  22  2:40  Marine  
  22  2:43  Marine  
  25  2:52  SCV  
  25  2:53  Supply Depot  
  25  2:55  Refinery  
  26  3:02  Marine x2  
  26  3:05  SCV  
  29  3:17  SCV  
  28  3:27  Marine  
  28  3:28  Marine, Widow Mine  
  28  3:30  Starport  
  28  3:31  SCV  
  33  3:43  SCV, Engineering Bay  
  33  3:46  Marine x2  
  36  3:51  Orbital Command  
  36  3:56  SCV  
  36  3:59  Widow Mine  
  38  4:18  Marine x2  
  38  4:23  SCV x2  
  42  4:30  Medivac  
  44  4:35  SCV x2  
  44  4:36  Marine  
  42  4:49  Barracks  
  42  4:50  Barracks  
  41  4:53  Missile Turret  
  41  4:55  Missile Turret  
  41  5:00  Factory Tech Lab  
  41  5:01  Medivac  
  41  5:04  SCV x2  
  40  5:28  SCV x2  
  41  5:29  Siege Tank  
  41  5:30  Marine x2  
  47  5:37  Barracks Tech Lab  
  47  5:41  SCV  
  48  5:42  Barracks Tech Lab  
  48  5:46  Medivac  
  48  5:47  SCV  
  51  5:50  Terran Infantry Weapons Level 1  
  51  5:53  SCV, Marine x2  
  54  6:05  Supply Depot  
  54  6:13  Stimpack  
  54  6:19  Refinery  
  54  6:20  Refinery  
  54  6:24  Combat Shields  
  54  6:26  SCV x2, Marine x4  
  60  6:38  SCV x2  
  62  6:50  SCV x2  
  64  6:58  Marine x2  
  64  6:59  Marauder x2  
  70  7:15  SCV x2, Supply Depot x2  
  70  7:21  Marine  
  70  7:22  Marine  
  70  7:30  SCV x2, Medivac, Marauder x2  
  70  7:34  Siege Tank  
  73  8:01  Marine x2, Marauder  
  73  8:02  Marauder  
  78  8:17  Siege Tank  
  78  8:19  Marine x2  
  83  8:23  Marauder x2  
  87  8:37  Marine  
  87  8:40  Marine  
  86  8:44  Marauder x2  
  90  8:53  Medivac, Siege Tank  
  90  8:55  Marine  
  96  8:58  Marine  
  85  9:11  Marine x2  
  85  9:12  SCV x2, Marine  
  85  9:15  Command Center, Marine  
  82  9:18  Barracks  
  82  9:20  Barracks  
  82  9:22  Barracks  
  71  9:33  Marine x2  
  71  9:38  Terran Infantry Armor Level 1  
  74  9:42  Engineering Bay, Armory  
  73  9:51  SCV x2  
  75  9:53  Barracks Reactor  
  75  9:57  Barracks  
  75  9:59  Barracks  
  74  10:13  Viking x2  
  78  10:14  Barracks Reactor x2  
  78  10:20  SCV x2  
  80  10:27  Barracks Reactor  
  82  10:28  Marauder  
  82  10:29  Thor, Marauder  
  82  10:31  Marine x2  
  82  10:33  Terran Infantry Weapons Level 2  
  92  10:53  Marine x4, Marauder x2  
  92  10:54  Marine  
  92  10:55  Barracks Tech Lab x2  
  101  11:01  Marine  
  101  11:04  SCV x2  
  104  11:08  Orbital Command  
  104  11:11  Marine  
  104  11:14  Marauder  
  105  11:26  Marine x7, Marauder  
  105  11:29  Marine  
  115  11:38  Supply Depot  
  117  11:40  Marine  
  117  11:41  Supply Depot  
  120  11:48  Marine x4  
  118  11:59  Marine x5  
  118  12:00  Marine  
  124  12:04  Marine  
  124  12:05  Marine  
  124  12:06  Marine x4  
  112  12:17  Marine x6  
  112  12:22  Marine x2  
  106  12:25  Marine  
  106  12:26  Marine x3  
  105  12:34  Marine  
  105  12:35  Marine x5  
  98  12:38  Missile Turret  
  98  12:39  Missile Turret x3  
  98  12:40  Marine  
  91  12:48  Marine x4  
  80  13:15  Marine  
  80  13:16  Marine x4  
  80  13:17  Marine x3  
  82  13:33  Marine x2  
  82  13:34  Marine  
  61  14:20  Marine  
  61  14:21  Marine x3  
  61  14:22  Marine x2  
  60  14:29  Command Center  
  22  15:01  Barracks  
  11  16:04  Orbital Command  
Show
View Real Time Build Order
Export as new Build Order

FLORENCIO Protoss - Winner!

Build Orders: Oracle Opening 

Get SALT Encoding   

  12  0:01  Probe (Chrono Boost)  
  13  0:11  Probe (Chrono Boost)  
  14  0:19  Pylon  
  14  0:23  Probe (Chrono Boost)  
  15  0:37  Probe (Chrono Boost)  
  15  0:40  Gateway  
  16  0:47  Pylon  
  16  0:56  Assimilator, Probe (Chrono Boost)  
  17  1:06  Gateway  
  17  1:14  Probe (Chrono Boost)  
  18  1:25  Probe (Chrono Boost)  
  19  1:27  Pylon  
  19  1:35  Probe (Chrono Boost)  
  20  1:44  Cybernetics Core  
  20  1:46  Pylon  
  20  2:03  Zealot  
  22  2:16  Nexus  
  22  2:17  Assimilator  
  22  2:19  Probe (Chrono Boost)  
  23  2:30  Stargate  
  23  2:32  Stalker  
  25  2:41  Probe (Chrono Boost)  
  26  2:53  Probe (Chrono Boost)  
  26  2:58  Stalker  
  29  3:06  Pylon  
  29  3:11  Probe (Chrono Boost)  
  30  3:22  Oracle  
  30  3:23  Pylon  
  33  3:36  Probe (Chrono Boost)  
  33  3:37  Mothership Core (Chrono Boost)  
  34  3:46  Probe (Chrono Boost)  
  35  3:52  Stalker  
  37  3:57  Probe (Chrono Boost)  
  37  3:59  Pylon  
  38  4:07  Probe (Chrono Boost)  
  39  4:18  Probe (Chrono Boost)  
  40  4:29  Probe (Chrono Boost)  
  37  4:53  Probe (Chrono Boost)  
  37  4:59  Fleet Beacon  
  38  5:02  Stalker  
  38  5:03  Probe (Chrono Boost)  
  41  5:09  Nexus  
  41  5:11  Pylon  
  42  5:14  Probe (Chrono Boost)  
  42  5:17  Void Ray, Forge  
  46  5:30  Probe (Chrono Boost)  
  46  5:33  Assimilator  
  46  5:34  Stalker  
  46  5:35  Assimilator  
  49  5:40  Probe (Chrono Boost), Stargate  
  51  5:50  Probe (Chrono Boost)  
  51  5:51  Probe (Chrono Boost)  
  51  5:53  Assimilator  
  52  5:57  Assimilator  
  52  6:02  Probe x2 (Chrono Boost)  
  52  6:03  Carrier  
  54  6:09  Photon Cannon, Pylon  
  54  6:12  Probe (Chrono Boost)  
  54  6:14  Probe (Chrono Boost)  
  62  6:23  Probe (Chrono Boost)  
  64  6:26  Probe (Chrono Boost)  
  64  6:27  Photon Cannon  
  64  6:29  Probe (Chrono Boost)  
  64  6:30  Photon Cannon  
  65  6:39  Probe (Chrono Boost)  
  66  6:43  Stargate  
  66  6:45  Graviton Catapult  
  66  6:50  Probe (Chrono Boost)  
  66  6:54  Probe (Chrono Boost)  
  68  7:00  Probe (Chrono Boost)  
  69  7:04  Probe (Chrono Boost)  
  69  7:18  Carrier  
  65  7:24  Carrier  
  71  8:24  Photon Cannon  
  71  8:27  Photon Cannon  
  66  8:39  Carrier  
  46  9:05  Carrier  
  42  9:36  Probe (Chrono Boost)  
  44  9:38  Probe (Chrono Boost)  
  44  9:49  Probe (Chrono Boost), Nexus, Cybernetics Core  
  44  9:50  Probe (Chrono Boost), Pylon  
  44  9:52  Stargate  
  46  9:57  Carrier  
  46  10:02  Probe (Chrono Boost)  
  54  10:14  Probe (Chrono Boost)  
  54  10:15  Pylon  
  54  10:16  Pylon  
  54  10:18  Pylon  
  54  10:27  Probe (Chrono Boost)  
  54  10:28  Probe (Chrono Boost)  
  56  10:33  Carrier  
  56  10:40  Probe (Chrono Boost)  
  58  10:46  Mothership Core (Chrono Boost)  
  65  10:52  Probe (Chrono Boost)  
  65  10:53  Pylon  
  72  11:25  Carrier  
  78  11:38  Probe (Chrono Boost)  
  79  11:41  Assimilator  
  79  11:43  Probe (Chrono Boost)  
  80  11:49  Probe (Chrono Boost)  
  82  11:54  Probe (Chrono Boost)  
  82  11:59  Probe (Chrono Boost)  
  76  12:04  Probe (Chrono Boost)  
  71  12:10  Probe (Chrono Boost)  
  52  12:49  Pylon  
  52  12:52  Pylon  
  52  12:55  Pylon  
  42  13:33  Nexus  
  34  14:28  Assimilator  
  34  14:49  Assimilator  
  33  16:11  Pylon  
  33  16:25  Assimilator  
Tags
 
Composition
MMM Bio
League
Diamond
Matchup
PvT
Spawn Locations
Cross Positions
Add a new tag
Caveats
  • Supply blocks, unpowered buildings, or Contaminate may cause inaccurate times.
  • Supply counts are checked every 10 seconds.